 Dungeon Crawl Stone Soup version 0.28.0-53-g5a82cb258f (webtiles) character file.

Game seed: 517987941300688569

247 issech the Skirmisher (level 5, -7/47 HPs)
             Began as a Minotaur Monk on June 3, 2022.
             Killed from afar by Ijyb (16 damage)
             ... with a bolt of acid
             ... on level 3 of the Dungeon.
             The game lasted 00:08:15 (3076 turns).

issech the Skirmisher (Minotaur Monk)               Turns: 3076, Time: 00:08:16

Health: -7/47      AC:  4    Str: 16    XL:     5   Next: 85%
Magic:  4/4        EV:  8    Int:  7    God:
Gold:   93         SH:  0    Dex: 14    Spells: 4/4 levels left

rFire   . . .      SeeInvis .   a - +0 hand axe
rCold   . . .      Faith    .   (no shield)
rNeg    . . .      Spirit   .   u - +0 chain mail
rPois   .          Reflect  .   (helmet restricted)
rElec   .          Harm     .   (no cloak)
rCorr   .          Rampage  .   (no gloves)
Will    .....                   (no boots)
Stlth   ..........              (no amulet)
HPRegen 0.15/turn               (no ring)
MPRegen 0.09/turn               (no ring)

@: corroded
A: horns 2, retaliatory headbutt
a: no special abilities


You were on level 3 of the Dungeon.
You visited 1 branch of the dungeon, and saw 3 of its levels.

You collected 93 gold pieces.

Inventory:

Hand Weapons
 a - a +0 hand axe (weapon)
 j - a +0 hunting sling
Missiles
 c - 35 stones (quivered)
 h - 26 arrows
 o - 19 bolts
 s - 5 poisoned darts
Armour
 b - a +0 robe
 d - a +0 ring mail
 k - a +0 leather armour
 u - a +0 chain mail (worn)
Scrolls
 f - 5 scrolls of identify {unknown}
 i - a scroll of magic mapping {unknown}
 m - a scroll of fear {unknown}
 n - a scroll of noise {unknown}
 p - a scroll of vulnerability {unknown}
 t - a scroll of blinking {unknown}
Potions
 e - a potion of heal wounds {unknown}
 g - a potion of attraction {unknown}
 l - a potion of magic {unknown}
 q - a potion of might
 r - a potion of berserk rage {unknown}
 v - a potion of lignification {unknown}


   Skills:
 + Level 4.9 Fighting
 + Level 4.4 Axes
 + Level 3.3 Slings
 + Level 2.2 Armour
 + Level 4.0 Dodging
 + Level 1.9 Stealth


You had 4 spell levels left.
You didn't know any spells.
Your spell library contained the following spells:

 Spells                   Type           Power      Damage    Failure   Level
 Magic Dart               Conj           0%         1d3       100%        1
 Searing Ray              Conj           0%         2d4       100%        2
 Static Discharge         Conj/Air       0%         N/A       100%        2
 Conjure Flame            Conj/Fire      0%         6-21      100%        3
 Gell's Gravitas          Tloc           0%         N/A       100%        3
 Ignite Poison            Fire/Tmut/Pois 0%         N/A       100%        3
 Lesser Beckoning         Tloc           0%         N/A       100%        3
 Teleport Other           Tloc           0%         N/A       100%        3
 Fulminant Prism          Conj/Hex       0%         3d6       100%        4
 Sticky Flame             Conj/Fire      0%         2d3       100%        4
 Lightning Bolt           Conj/Air       0%         1d11      100%        5
 Maxwell's Capacitive Co  Air            0%         ∞         100%        8


Dungeon Overview and Level Annotations

Branches:
Dungeon (3/15)

Altars:
Cheibriados
Makhleb

Shops:
D:3 [

Annotations:
D:2 Natasha
D:3 Ijyb


Innate Abilities, Weirdness & Mutations

You have a pair of horns on your head.
You reflexively headbutt those who attack you in melee.


Message History

Found an Everburning Encyclopedia.
Found an escape hatch in the ceiling.
The endoplasm freezes you.
You are frozen.
You hit the endoplasm but do no damage. The endoplasm freezes you.
You are frozen.
You hit the endoplasm.
You kill the endoplasm!
Found Geocapod's Antique Armour Shop.
There is an escape hatch in the floor here.
You pick up an Everburning Encyclopedia and begin reading...
You add the spells Conjure Flame, Ignite Poison and Sticky Flame to your library.
Ijyb the Twisted Goblin comes into view.
She is wielding a +1 spectral club and carrying a wand of acid (6).
Ijyb shouts!
There is an entrance to Geocapod's Antique Armour Shop here.
You hit Ijyb but do no damage. Ijyb barely misses you.
You hit Ijyb. Your headbutt misses Ijyb.
Ijyb is lightly wounded.
Ijyb barely misses you.
You closely miss Ijyb.
Ijyb is lightly wounded.
Ijyb zaps a wand.
The bolt of acid hits you. The acid corrodes you!
You hit Ijyb but do no damage.
Ijyb is lightly wounded.
Ijyb hits you but does no damage.
You barely miss Ijyb.
Ijyb is lightly wounded.
Ijyb completely misses you.
You barely miss Ijyb.
Ijyb is lightly wounded.
Ijyb hits you with a +1 spectral club.
You hit Ijyb but do no damage.
Ijyb is lightly wounded.
Ijyb zaps a wand.
The bolt of acid hits you!!
* * * LOW HITPOINT WARNING * * *
You hit Ijyb but do no damage.
Ijyb is lightly wounded.
Ijyb zaps a wand.
The bolt of acid hits you!
You die...

# #...............# ##
#.............>.# .#
#...............######
##############.##......<..###
#≈≈≈# ................. ≈≈###
###.##.........# ≈≈#
.####.##.........# ###
.................# ≈#
......g@.........# ###
.................# ≈≈#
####.############# ### #. #
#........# #........#
#........#


You could see Ijyb.

Vanquished Creatures
  A scorpion (D:3)
  An orc priest (D:3)
  Jessica (D:2)
  Natasha (twice) (D:2)
  An adder (D:2)
  3 worms
  A dart slug (D:2)
  5 orcs
  2 bats
  5 endoplasms
  A giant cockroach (D:1)
  3 goblins
  3 hobgoblins
  8 jackals
  4 kobolds
  2 quokkas
  5 ball pythons
  4 frilled lizards
  2 rats
54 creatures vanquished.

Notes
Turn   | Place    | Note
-------+----------+-------------------------------------------
     0 | D:1      | issech the Minotaur Monk began the quest for the Orb.
     0 | D:1      | Reached XP level 1. HP: 19/19 MP: 0/0
   312 | D:1      | Reached XP level 2. HP: 22/27 MP: 1/1
   591 | D:1      | Found a faded altar of an unknown god.
  1271 | D:2      | Reached XP level 3. HP: 33/33 MP: 2/2
  1375 | D:2      | Noticed Jessica
  1378 | D:2      | Noticed Natasha
  1384 | D:2      | Killed Jessica
  1385 | D:2      | Reached skill level 1 in Slings
  1385 | D:2      | Reached XP level 4. HP: 36/41 MP: 3/3
  1389 | D:2      | Killed Natasha
  1390 | D:2      | Reached skill level 1 in Armour
  1968 | D:2      | Noticed Natasha
  1976 | D:2      | Killed Natasha
  2125 | D:2      | Noticed Natasha
  2297 | D:3      | Reached XP level 5. HP: 33/47 MP: 4/4
  2752 | D:3      | Found a burning altar of Makhleb.
  2758 | D:3      | Found a snail-covered altar of Cheibriados.
  3051 | D:3      | Found Geocapod's Antique Armour Shop.
  3065 | D:3      | Noticed Ijyb
  3076 | D:3      | Killed from afar by Ijyb

Illustrated notes

Levels and vault maps discovered:
D:1:      dpeg_arrival_snail, layout_loops_ring, ebering_ecumenical_altar_box,
          hangedman_decor_diamond_cutter
D:2:      layout_basic, serial_curves, eino_curves_03, eino_curves_04,
          uniq_jessica, uniq_natasha
D:3:      layout_basic, grunt_dithmenos_smoke,
          mainiacjoe_overflow_catwalk_spiral, serial_shops, shop, hex_large,
          chequers_serial_rivers_large_b, kennysheep_crisscross, uniq_ijyb

Skill      XL: |  1  2  3  4  5 |
---------------+----------------+-----
Fighting       | 4 |  4.9
Axes           | 4 |  4.4
Slings         | 1 2 3 |  3.3
Armour         | 1 2 |  2.2
Dodging        | 4 |  4.0
Stealth        | |  1.9

Action                   |  1- 3 |  4- 6 || total
-------------------------+-------+-------++-------
Melee: Hand axe          |    46 |    57 ||   103
       Headbutt          |     4 |    12 ||    16
       Punch             |     2 |       ||     2
 Fire: Hunting sling     |    40 |    19 ||    59
Throw: Stone             |     2 |     2 ||     4
Armor: Ring mail         |    17 |     5 ||    22
       Chain mail        |       |     8 ||     8
Dodge: Dodged            |    28 |    36 ||    64
